 Dungeon Sprint DCSS version 0.20-a0-876-g2c7b0bf (webtiles) character file.

3436 esc the Grappler (level 9, -7/83 (84) HPs)
             Began as a Troll Berserker on Mar 15, 2017.
             Was a High Priest of Trog.
             Succumbed to a death drake's dark miasma
             ... in the Dungeon (Sprint II: "The Violet Keep of Menkaure").
             The game lasted 00:06:53 (436 turns).

esc the Grappler (Troll Berserker)                   Turns: 436, Time: 00:06:54

HP:   -7/83 (84)    AC:  6    Str: 27    XL:     9   Next: 77%
MP:   8/8           EV: 15    Int:  3    God:    Trog [*****.]
Gold: 913           SH:  4    Dex: 12    Spells: 8/8 levels left

rFire    . . .     SeeInvis .     - Unarmed
rCold    . . .     Gourm    +   i - +1 robe {Archmagi}
rNeg     . . .     Faith    .   (no shield)
rPois    .         Spirit   .   (helmet restricted)
rElec    .         Reflect  .   (no cloak)
rCorr    .         Harm     .   (gloves unavailable)
MR       .....     Rnd*Rage +   (boots unavailable) Stlth +.........NoTele +
                                (no amulet)
Regen    0.7/turn               (no ring)
MPRegen  0.2/turn               (no ring)

@: lethally poisoned (-7 -> -104), exhausted, slowed, very slow
A: unfitting armour, claws 3, large bone plates 1, berserk 1, fast metabolism 3,
frail 2, gourmand, regeneration 1, shaggy fur 1, tough skin 2
a: Berserk, Trog's Hand, Brothers in Arms, Burn Spellbooks, Renounce Religion


You were in the Dungeon.
You worshipped Trog.
Trog was extremely pleased with you.
You were very hungry.

You visited 1 branch You collected 1134 gold pieces.
You spent 221 gold pieces at shops.

Inventory:

Armour
 i - a +1 robe of the Archmagi (worn)
   (You bought it in a shop in the Dungeon)
Scrolls
 h - a scroll of blinking {!r}
Potions
 a - a potion of might
 e - 2 potions of haste
 f - 2 potions of magic
 g - a potion of berserk rage {!q}
Comestibles
 b - 2 bread rations {@e1}


   Skills:
 + Level 11.4 Fighting
 + Level 11.3 Dodging
 + Level 13.2 Unarmed Combat


You had 8 spell levels left.
You didn't know any spells.

Dungeon Overview and Level Annotations

Branches:
Dungeon (1/1)

Altars:
Cheibriados
Dithmenos
Elyvilon
Fedhas
Gozag
Hepliaklqana
Kikubaaqudgha
Makhleb
Nemelex Xobeh
Okawaru
Qazlal
Ru
Sif Muna
Trog
Uskayaw
Vehumet
Wu Jian
Xom
Yredelemnul
Zin
The Shining One
Beogh
Jiyva
Lugonu

Shops:
D *(:=!}=%?[:}!:=[

Annotations:
D exclusion: oklob plant


Innate Abilities, Weirdness & Mutations

You are too large for most types of armour.
You have claws for hands.
Your metabolism is lightning-fast.
You like to eat raw meat.
Your natural rate of healing is unusually fast.
You are covered in fur. (AC +1)
You have very tough skin. (AC +2)
You are partially covered in large bone plates. (SH +4)
You tend to lose your temper in combat.
You are very frail. (-20% HP)


Message History

You swap places.
You feel sick.
The swamp drake breathes noxious fumes at you.
The noxious blast misses you.
Your deep troll is engulfed in dark miasma.
Your deep troll looks as sick as possible!
The death drake bites you. The crystal guardian misses you.
There is an open door, spattered with blood here.
You take 2 damage, and have 99/126 hp.
You feel a strong urge to attack something.
You are engulfed in noxious fumes.
You choke on the stench!
You are confused.
You feel sick. The swamp drake closely misses you.
The death drake barely misses you.
Your deep troll is engulfed in noxious fumes.
The crystal guardian hits your deep troll!!
You take 1 damage, and have 98/126 hp.
Are you sure you want to stumble around while confused and next to your deep troll?
Okay, then.
You are engulfed in noxious fumes.
You choke on the stench!
You are more confused.
You feel sick. The death drake misses you. The swamp drake misses you.
Your deep troll is engulfed in noxious fumes.
Your deep troll bites the crystal guardian!
Your deep troll claws the crystal guardian but does no damage.
Your deep troll claws the crystal guardian.
The crystal guardian hits your deep troll!!
Your deep troll dies!
Your deep troll's corpse disappears in a puff of smoke!
You take 1 damage, and have 97/126 hp.
You feel your anger subside.
You are no longer berserk.
You are exhausted.
You feel as though you will be slow longer.
You feel sick. The death drake breathes miasma at you.
The foul vapour engulfs you!
You are more poisoned.
You feel your flesh rotting away!
You feel as though you will be slow longer.
The swamp drake is engulfed in dark miasma.
You now have 53/83 hp.
Unknown command.
Unknown command.
Unknown command.
Okay, then.
Okay, then.
You scratch the swamp drake.
You are engulfed in dark miasma.
You are more poisoned.
You feel your flesh rotting away!
You feel very sick.
The swamp drake is engulfed in dark miasma.
The swamp drake bites you but does no damage.
The death drake barely misses you.
You take 7 damage, and have 46/82 hp.
Unknown command.
Unknown command.
You mangle the swamp drake!!
You kill the swamp drake!
Trog accepts your kill.
You are engulfed in dark miasma.
You are more poisoned.
You feel less confused.
Your skin stops crawling.
You feel less resistant to hostile enchantments.
You feel very sick. The death drake bites you.
The death drake bites you but does no damage.
You take 21 damage, and have 25/82 hp.
MASSIVE DAMAGE!!
Unknown command.
Unknown command.
Okay, then.
Okay, then.
You closely miss the death drake.
You are engulfed in dark miasma.
You are more poisoned.
You feel your flesh rotting away!
* * * LOW HITPOINT WARNING * * *
x2 You feel very sick.
The death drake bites you.
* * * LOW HITPOINT WARNING * * *
You take 17 damage, and have 8/81 hp.
MASSIVE DAMAGE!!
Unknown command.
Unknown command.
You feel much better.
* * * LOW HITPOINT WARNING * * *
You feel extremely sick. The death drake barely misses you.
The death drake breathes miasma at you. The foul vapour engulfs you!
You are more poisoned.
You feel your flesh rotting away!
* * * LOW HITPOINT WARNING * * *
You take 3 damage, and have 5/83 hp.
Okay, then.
You claw the death drake!
You are engulfed in dark miasma.
You are more poisoned.
* * * LOW HITPOINT WARNING * * *
You die...

##++# ##≈...### #
e≈.....# #+++ ++
#...^# ... .. +..(.#
# ≈.##+##.. ####§# .#
≈##.#.##.####§§§§##.#
≈#..#..# ...#..#@§§#
###.%.####..#####k§#
!$%
.###÷###.##..#..'..#
!$(
..##%##.#.#..#.(#^.#


$(($ #.+.<.(##.+..####..### ▓[[%) ).##.###..#....###^..##▓▓▓▓▓ .###'#
#.##......≈≈≈≈≈≈≈≈≈≈≈ ####.#####≈≈§....≈#'######## ≈#..#..#≈≈≈≈≈≈§..≈#.._.....#
You could see a death drake.

Vanquished Creatures
  3 shining eyes (D)
  A merfolk siren (D)
  3 yaks (D)
  4 neqoxecs (D)
  Menkaure (D)
  2 swamp drakes (D)
  4 necrophages (D)
  A crocodile (D)
  4 worker ants (D)
23 creatures vanquished.

Vanquished Creatures (collateral kills)
  A death drake (D)
1 creature vanquished.

Grand Total: 24 creatures vanquished

Notes
Turn   | Place    | Note
-------+----------+-------------------------------------------
     0 | D        | esc the Troll Berserker began the quest for the Orb.
     0 | D        | Reached XP level 1. HP: 22/22 MP: 0/0
     1 | D        | Noticed a merfolk siren
    17 | D        | Killed a merfolk siren
    17 | D        | Reached skill level 7 in Fighting
    17 | D        | Reached skill level 7 in Dodging
    17 | D        | Reached skill level 8 in Unarmed Combat
    17 | D        | Reached XP level 2. HP: 40/40 MP: 1/1
    17 | D        | Reached XP level 3. HP: 46/46 MP: 2/2
    17 | D        | Reached XP level 4. HP: 55/55 MP: 3/3
    17 | D        | Reached XP level 5. HP: 62/62 MP: 4/4
    17 | D        | Reached XP level 6. HP: 71/71 MP: 5/5
    27 | D        | Found Utoti Ulisch's Antique Armour Emporium.
    27 | D        | Found Miudwoli's Gadget Emporium.
    27 | D        | Found Sepetuum's Book Emporium.
    27 | D        | Found Lewoj's Magic Scroll Shoppe.
    27 | D        | Found Itivvas's Book Shoppe.
    28 | D        | Found Kaqyom's Food Shoppe.
    28 | D        | Found Axzudyepn's Antique Armour Emporium.
    28 | D        | Found Unaonuenu's Distillery.
    28 | D        | Found Covydgh Wyump's Jewellery Shoppe.
    29 | D        | Found Erhop's Jewellery Shoppe.
    29 | D        | Found Cyushra's Gadget Emporium.
    29 | D        | Noticed Menkaure
    29 | D        | Noticed a soldier ant
    49 | D        | Killed Menkaure
    49 | D        | Reached ** piety under Trog
    49 | D        | Reached skill level 9 in Unarmed Combat
    79 | D        | Found Raryl's Distillery.
    79 | D        | Found Dedistrienk's Jewellery Shoppe.
    79 | D        | Noticed a soldier ant
    79 | D        | Noticed a soldier ant
    79 | D        | Noticed an oklob plant
    83 | D        | Reached XP level 7. HP: 74/79 MP: 6/6
    84 | D        | Found Buluicee's Antique Weapon Shoppe.
    84 | D        | Found Maudosmu's General Store.
    84 | D        | Found Juysiodd's Book Shoppe.
    99 | D        | Noticed a redback
   116 | D        | Bought a runed robe for 81 gold pieces
   128 | D        | Bought a potion of haste for 100 gold pieces
   128 | D        | Bought a potion of might for 40 gold pieces
   151 | D        | Reached skill level 8 in Fighting
   151 | D        | Reached skill level 8 in Dodging
   154 | D        | Reached *** piety under Trog
   161 | D        | Reached skill level 10 in Unarmed Combat
   218 | D        | Reached **** piety under Trog
   240 | D        | Noticed a neqoxec
   244 | D        | Noticed a neqoxec
   246 | D        | Killed a neqoxec
   246 | D        | Received a gift from Trog
   246 | D        | Reached skill level 9 in Fighting
   246 | D        | Reached skill level 9 in Dodging
   246 | D        | Reached XP level 8. HP: 91/91 MP: 7/7
   255 | D        | Gained mutation: You are frail. (-10% HP) [a neqoxec]
   256 | D        | Gained mutation: You are very frail. (-20% HP) [a neqoxec]
   258 | D        | Reached ***** piety under Trog
   258 | D        | Reached skill level 11 in Unarmed Combat
   259 | D        | Gained mutation: You are partially covered in large bone plates. (SH +4) [a neqoxec]
   296 | D        | Found a stormy altar of Qazlal.
   297 | D        | Found a hazy altar of Hepliaklqana.
   297 | D        | Found a sacrificial altar of Ru.
   297 | D        | Found an ornate altar of the Wu Jian Council.
   298 | D        | Found a roughly hewn altar of Beogh.
   298 | D        | Found a viscous altar of Jiyva.
   298 | D        | Found a deep blue altar of Sif Muna.
   299 | D        | Found a snail-covered altar of Cheibriados.
   299 | D        | Found an ancient bone altar of Kikubaaqudgha.
   299 | D        | Found a shimmering altar of Xom.
   299 | D        | Found a bloodstained altar of Trog.
   300 | D        | Found a shadowy altar of Dithmenos.
   300 | D        | Found a corrupted altar of Lugonu.
   301 | D        | Found a white marble altar of Elyvilon.
   301 | D        | Found a burning altar of Makhleb.
   301 | D        | Found a glowing golden altar of the Shining One.
   301 | D        | Found a basalt altar of Yredelemnul.
   301 | D        | Found a hide-covered altar of Uskayaw.
   302 | D        | Found a blossoming altar of Fedhas.
   304 | D        | Found an opulent altar of Gozag.
   304 | D        | Found a sparkling altar of Nemelex Xobeh.
   305 | D        | Found a glowing silver altar of Zin.
   305 | D        | Found a radiant altar of Vehumet.
   305 | D        | Found an iron altar of Okawaru.
   318 | D        | Noticed a shining eye
   319 | D        | Noticed a shining eye
   319 | D        | Noticed a shining eye
   319 | D        | Gained mutation: You tend to lose your temper in combat. [a shining eye]
   323 | D        | Killed a shining eye
   323 | D        | Reached skill level 10 in Fighting
   323 | D        | Reached skill level 10 in Dodging
   326 | D        | Killed a shining eye
   326 | D        | Reached skill level 12 in Unarmed Combat
   326 | D        | Reached XP level 9. HP: 80/80 MP: 8/8
   329 | D        | Killed a shining eye
   367 | D        | Reached skill level 11 in Fighting
   367 | D        | Reached skill level 11 in Dodging
   405 | D        | Noticed a deep elf master archer
   418 | D        | Noticed a crystal guardian
   420 | D        | Noticed a death drake
   424 | D        | Noticed a death drake
   426 | D        | Killed a death drake
   426 | D        | Received a gift from Trog
   426 | D        | Reached skill level 13 in Unarmed Combat
   434 | D        | HP: 19/81 [death drake] (6)]
   434 | D        | HP: 8/81 [death drake (6)]
   436 | D        | Succumbed to a death drake's dark miasma

Vault maps used:
D:        the_violet_keep_of_menkaure

Skill      XL: |  1  2  3  4  5  6  7  8  9 |
---------------+----------------------------+-----
Fighting       | 7 9 10 11 | 11.4
Dodging        | 7 9 10 11 | 11.3
Unarmed Combat | 8 9 10 12 13 | 13.2

Action                   |  1- 3 |  4- 6 |  7- 9 || total
-------------------------+-------+-------+-------++-------
Melee: Unarmed           |    14 |     4 |    66 ||    84
       Punch             |       |       |     6 ||     6
Invok: Berserk           |       |     1 |     5 ||     6
       Trog's Hand       |       |       |     1 ||     1
       Brothers in Arms  |       |       |     1 ||     1
  Use: Potion            |       |       |     2 ||     2
  Eat: Chunk             |       |     3 |     3 ||     6
Armor: Robe              |       |       |     7 ||     7
Dodge: Dodged            |     2 |     1 |    23 ||    26

Vault maps used:
D:        the_violet_keep_of_menkaure

Table legend:
 A = Turns spent in this place as a percentage of turns spent in the entire game.
 B = Non-inter-level travel turns spent in this place as a percentage of non-inter-level travel turns spent in the entire game.
 C = Inter-level travel turns spent in this place as a percentage of turns spent in this place.
 D = Turns resting spent in this place as a percentage of non-inter-level travel turns spent in this place.
 E = Turns spent auto-exploring this place as a percentage of non-inter-level travel turns spent in this place.
 F = Non-inter-level travel turns spent in this place divided by the number of levels of this place that you've seen.
                   A       B       C       D       E      F
               +-------+-------+-------+-------+-------+----------------------
         Total | 100.0 | 100.0 |   0.0 |   7.8 |   0.0 | 372.0
       Dungeon | 100.0 | 100.0 |   0.0 |   7.8 |   0.0 | 372.0
               +-------+-------+-------+-------+-------+----------------------

Table legend:
 A = Kills in this place as a percentage of kills in entire the game.
 B = Kills by you in this place as a percentage of kills by you in the entire game.
 C = Kills by friends in this place as a percentage of kills by friends in the entire game.
 D = Other kills in this place as a percentage of other kills in the entire game.
 E = Experience gained in this place as a percentage of experience gained in the entire game.
 F = Experience gained in this place divided by the number of levels of this place that you have seen.
                   A       B       C       D       E      F
               +-------+-------+-------+-------+-------+----------------------
         Total | 100.0 | 100.0 | 100.0 |  -nan | 100.0 | 4909.0
       Dungeon | 100.0 | 100.0 | 100.0 |  -nan | 100.0 | 4909.0
               +-------+-------+-------+-------+-------+----------------------
